 Dungeon Crawl Stone Soup version 0.20-a0-1050-g57248f3 (webtiles) character file.

5 Gorglomux the Skirmisher (level 1, 0/19 HPs)
             Began as a Hill Orc Abyssal Knight on Apr 25, 2017.
             Was a Follower of Lugonu.
             Slain by a leopard gecko (1 damage)
             ... on level 1 of the Dungeon.
             The game lasted 00:00:32 (39 turns).

Gorglomux the Skirmisher (Hill Orc Abyssal Knight)    Turns: 39, Time: 00:00:33

Health: 0/19       AC:  3    Str: 14    XL:     1   Next: 80%
Magic:  2/2        EV: 11    Int: 12    God:    Lugonu [*.....]
Gold:   0          SH:  0    Dex: 10    Spells: 0/0 levels left

rFire    . . .     SeeInvis .   a - +1 hand axe
rCold    . . .     Gourm    .   (no shield)
rNeg     . . .     Faith    .   b - +0 leather armour
rPois    .         Spirit   .   (no helmet)
rElec    .         Reflect  .   (no cloak)
rCorr    .         Harm     .   (no gloves)
MR       .....                  (no boots)
Stlth    +.........             (no amulet)
Regen    0.1/turn               (no ring)
MPRegen  0.1/turn               (no ring)

@: no status effects
A: no striking features
a: Depart the Abyss, Renounce Religion


You were on level 1 of the Dungeon.
You worshipped Lugonu.
Lugonu was aware of your devotion.
You were not hungry.

You visited 1 branch of the dungeon, and saw 1 of its levels.
You visited the Abyss 1 time.

Inventory:

Hand Weapons
 a - a +1 hand axe (weapon)
Armour
 b - a +0 leather armour (worn)
Comestibles
 c - a bread ration {@e1@e1}


   Skills:
 - Level 3.6 Fighting
 + Level 3.4 Axes
 - Level 2.1 Armour
 - Level 0.7 Dodging
 - Level 2.4 Invocations


You couldn't memorise any spells.
You didn't know any spells.

Dungeon Overview and Level Annotations

Branches:
Dungeon (1/15)

Altars:


Message History

Welcome, Gorglomux the Hill Orc Abyssal Knight.
Will you be the one to retrieve the fabulous Orb of Zot from the depths?
Lugonu says: Depart the Abyss and spread corruption, my servant! (use the ability menu to exit the Abyss)
Found a corrupted altar of Lugonu.
Found a gateway leading out of the Abyss.
Unknown command.
There is a gateway leading out of the Abyss here.
You can't go up here!
There is a gateway leading out of the Abyss here.
You pass through the gate.
The hobgoblin shouts!
The goblin shouts!
Found a whip and a short sword.
Found a stone staircase leading down.
There is a staircase leading out of the dungeon here.
An ooze comes into view.
A giant cockroach, a goblin and a kobold come into view.
The goblin shouts!
The kobold shouts!
The ooze quivers.
You hit the hobgoblin.
You kill the hobgoblin!
Lugonu accepts your kill. The goblin barely misses you.
A leopard gecko comes into view.
Unknown command.
You closely miss the goblin.
The leopard gecko hisses angrily.
The goblin hits you but does no damage.
Unknown command.
You hit the goblin.
You kill the goblin!
Lugonu accepts your kill.
Your Axes skill increases to level 3!
You hit the ooze. You closely miss the giant cockroach. You hit the goblin.
You kill the goblin!
Lugonu accepts your kill. The giant cockroach closely misses you.
The ooze barely misses you. The giant cockroach barely misses you.
You hit the ooze. You hit the giant cockroach.
You kill the giant cockroach!
Lugonu accepts your kill.
You closely miss the kobold. The ooze barely misses you.
The kobold barely misses you.
The leopard gecko hisses menacingly.
Unknown command.
You barely miss the ooze. You closely miss the kobold. The ooze hits you.
The kobold hits you but does no damage. The ooze misses you.
The kobold hits you with a whip.
You take 10 damage, and have 9/19 hp.
MASSIVE DAMAGE!!
You are too injured to fight recklessly!
Unknown command.
You are too injured to fight recklessly!
Unknown command.
Unknown command.
You are too injured to fight recklessly!
Unknown command.
You are too injured to fight recklessly!
Unknown command.
The leopard gecko misses you. The ooze completely misses you.
The leopard gecko barely misses you.
You closely miss the leopard gecko. The leopard gecko bites you.
The ooze hits you.
* * * LOW HITPOINT WARNING * * *
You take 5 damage, and have 4/19 hp.
MASSIVE DAMAGE!!
The leopard gecko bites you but does no damage.
You hit the kobold.
You kill the kobold!
Lugonu accepts your kill.
You barely miss the leopard gecko. The leopard gecko bites you.
* * * LOW HITPOINT WARNING * * *
You take 2 damage, and have 3/19 hp.
Unknown command.
Things that are here:
a whip; a kobold corpse The leopard gecko bites you.
* * * LOW HITPOINT WARNING * * *
You take 2 damage, and have 1/19 hp.
You miss the leopard gecko. The leopard gecko bites you.
You die...

.................. #..
..................
.... #.........>......
....##........<.....).
#.........)...........
#.....(...)...........
#......##..).........#
#......##............#
#..@l.....##......
#.........##......
#....J........)...
#######)#...#####
#.#..## #....# #..#.#
#....# #.#.##


You could see an ooze and a leopard gecko.

Vanquished Creatures
  A giant cockroach (D:1)
  A hobgoblin (D:1)
  2 goblins (D:1)
  A kobold (D:1)
5 creatures vanquished.

Notes
Turn   | Place    | Note
-------+----------+-------------------------------------------
     0 | Abyss:1  | Gorglomux the Hill Orc Abyssal Knight began the quest for the Orb.
     0 | Abyss:1  | Reached XP level 1. HP: 19/19 MP: 2/2
    13 | D:1      | Escaped the Abyss
    19 | D:1      | Reached skill level 3 in Axes
    30 | D:1      | HP: 4/19 [ooze (4)]
    37 | D:1      | HP: 1/19 [leopard gecko (2)]
    39 | D:1      | Slain by a leopard gecko

Vault maps used:
D:1:      dpeg_arrival_stonehenge_8_columns, minivault_14
Abyss:1:  evilmike_abyss_exit_16, serial_sigils_hangedman_shear

Skill      XL: |  1 |
---------------+----+-----
Axes           | 3 |  3.4
Fighting       | |  3.6
Armour         | |  2.1
Dodging        | |  0.7
Invocations    | |  2.4

Action                   || total
-------------------------++-------
Melee: Hand axe          ||     9
Armor: Leather armour    ||     3
Dodge: Dodged            ||    10

Vault maps used:
D:1:      dpeg_arrival_stonehenge_8_columns, minivault_14
Abyss:1:  evilmike_abyss_exit_16, serial_sigils_hangedman_shear

Table legend:
 A = Turns spent in this place as a percentage of turns spent in the entire game.
 B = Non-inter-level travel turns spent in this place as a percentage of non-inter-level travel turns spent in the entire game.
 C = Inter-level travel turns spent in this place as a percentage of turns spent in this place.
 D = Turns resting spent in this place as a percentage of non-inter-level travel turns spent in this place.
 E = Turns spent auto-exploring this place as a percentage of non-inter-level travel turns spent in this place.
 F = Non-inter-level travel turns spent in this place divided by the number of levels of this place that you've seen.
                   A       B       C       D       E      F
               +-------+-------+-------+-------+-------+----------------------
         Total | 100.0 | 100.0 |   0.0 |   0.0 |   1.9 |  26.5
       Dungeon |  71.7 |  71.7 |   0.0 |   0.0 |   0.0 |  38.0
         Abyss |  28.3 |  28.3 |   0.0 |   0.0 |   6.7 |  15.0
               +-------+-------+-------+-------+-------+----------------------

Table legend:
 A = Kills in this place as a percentage of kills in entire the game.
 B = Kills by you in this place as a percentage of kills by you in the entire game.
 C = Kills by friends in this place as a percentage of kills by friends in the entire game.
 D = Other kills in this place as a percentage of other kills in the entire game.
 E = Experience gained in this place as a percentage of experience gained in the entire game.
 F = Experience gained in this place divided by the number of levels of this place that you have seen.
                   A       B       C       D       E      F
               +-------+-------+-------+-------+-------+----------------------
         Total | 100.0 | 100.0 |  -nan |  -nan | 100.0 |   4.0
       Dungeon | 100.0 | 100.0 |  -nan |  -nan | 100.0 |   8.0
               +-------+-------+-------+-------+-------+----------------------
